 Dungeon Crawl Stone Soup version 0.27-a0-585-g945025970d (webtiles) character file.

Game seed: 5014107253931880824

96 Bapho the Cudgeller (level 4, -4/29 HPs)
             Began as a Gargoyle Monk on Mar 10, 2021.
             Slain by an orc priest
             ... wielding a +0 flail
              (5 damage)
             ... on level 3 of the Dungeon.
             The game lasted 00:03:17 (2090 turns).

Bapho the Cudgeller (Gargoyle Monk)                 Turns: 2090, Time: 00:03:18

Health: -4/29      AC:  7    Str: 16    XL:     4   Next: 67%
Magic:  4/4        EV: 12    Int: 10    God:
Gold:   52         SH:  0    Dex: 12    Spells: 3/3 levels left

rFire    . . .     SeeInvis .   a - +0 mace
rCold    . . .     Faith    .   (no shield)
rNeg     + . .     Spirit   .   j - +0 leather armour
rPois    ∞         Reflect  .   o - +0 helmet
rElec    +         Harm     .   (no cloak)
rCorr    .         Rampage  .   (no gloves)
Will     .....                  (no boots)
Stlth    ++........             (no amulet)
HPRegen  0.09/turn              (no ring)
MPRegen  0.09/turn              (no ring)

@: no status effects
A: negative energy resistance 1, electricity resistance, torment resistance 1,
unbreathing 1, petrification resistance, AC +3
a: no special abilities


You were on level 3 of the Dungeon.
You visited 1 branch of the dungeon, and saw 3 of its levels.

You collected 52 gold pieces.

Inventory:

Hand Weapons
 a - a +0 mace (weapon)
Missiles
 l - 32 stones (quivered)
Armour
 b - a +0 robe
 j - a +0 leather armour (worn)
 o - a +0 helmet (worn)
Scrolls
 c - a scroll of enchant weapon {unknown}
 e - a scroll of teleportation {unknown}
 k - a scroll of noise {unknown}
 m - a scroll of identify {unknown}
 n - a scroll of blinking {unknown}
Potions
 d - 2 potions of haste {unknown}
 f - a potion of degeneration {unknown}
 g - a potion of heal wounds {unknown}
 h - a potion of might {unknown}
 i - 2 potions of cancellation {unknown}


   Skills:
 + Level 4.0 Fighting
 * Level 4.2 Maces & Flails
 + Level 3.0 Dodging
 - Level 2.1 Stealth


You had 3 spell levels left.
You didn't know any spells.
Your spell library was empty.

Dungeon Overview and Level Annotations

Branches:
Dungeon (3/15)

Altars:


Innate Abilities, Weirdness & Mutations

Your stone body is resilient. (AC +3)
You are immune to poison.
You resist negative energy. (rN+)
You are resistant to electric shocks. (rElec)
You are resistant to unholy torment.
You can survive without breathing.
You are immune to petrification.


Message History

You hit the orc.
You kill the orc!
You thump the orc wizard!
The orc wizard is heavily wounded.
The orc wizard hits you with a +0 dagger.
You barely miss the orc wizard.
The orc wizard is heavily wounded.
The orc wizard hits you but does no damage.
You hit the orc wizard.
The orc wizard is almost dead.
The orc wizard barely misses you.
The orc wizard hits you but does no damage.
You hit the orc wizard.
You kill the orc wizard!
Your Fighting skill increases to level 4!
Your Dodging skill increases to level 3!
You thump the orc!
You kill the orc!
You hit the orc.
The orc is moderately wounded.
An orc priest comes into view. It is wielding a +0 flail.
The orc closely misses you.
You thump the orc!
You kill the orc!
The orc priest mumbles some strange prayers to Beogh against you.
Beogh smites you!
You are too injured to fight recklessly!
You are too injured to fight recklessly!
You see here a frilled lizard corpse.
You start resting.
An orc priest is nearby!
The orc priest hits you with a +0 flail.
You barely miss the orc priest.
The orc priest invokes the aid of Beogh against you.
Beogh smites you!
* * * LOW HITPOINT WARNING * * *
You barely miss the orc priest. The orc priest barely misses you.
You closely miss the orc priest.
The orc priest hits you with a +0 flail.
You die...

#..... #.#### #.# #.#
#.# #.#
######################.#
(((((()(†o.............#
##########@..###########
#...# ### #...# #..
#...# #.. ##### #.. #..
#.. ###


You could see an orc priest.

Vanquished Creatures
  An orc wizard (D:3)
  An adder (D:2)
  An ooze (D:2)
  A dart slug (D:2)
  A leopard gecko (D:1)
  3 orcs (D:3)
  A bat (D:1)
  4 giant cockroaches
  7 goblins
  9 hobgoblins
  7 kobolds
  A quokka (D:2)
  3 ball pythons (D:1)
  5 frilled lizards
  4 rats
49 creatures vanquished.

Notes
Turn   | Place    | Note
-------+----------+-------------------------------------------
     0 | D:1      | Bapho the Gargoyle Monk began the quest for the Orb.
     0 | D:1      | Reached XP level 1. HP: 14/14 MP: 1/1
    91 | D:1      | Reached XP level 2. HP: 11/19 MP: 2/2
   822 | D:1      | Reached XP level 3. HP: 20/23 MP: 3/3
  1757 | D:2      | Reached XP level 4. HP: 24/29 MP: 4/4
  2088 | D:3      | HP: 1/29 [orc priest/divine providence (12)]
  2090 | D:3      | Slain by an orc priest

Illustrated notes

Levels and vault maps discovered:
D:1:      enne_arrival_octagon_isle, layout_rooms, grunt_decor_one_mirror,
          chequers_serial_rivers_micro_a
D:2:      layout_basic, roderic_three_in_a_row
D:3:      layout_basic, nrook_campfire, minmay_misc_feat_diagonals, minivault_4

Skill      XL: |  1  2  3  4 |
---------------+-------------+-----
Maces & Flails | 4 |  4.2
Fighting       | 4 |  4.0
Dodging        | 3 |  3.0
Stealth        | |  2.1

Action                   |  1- 3 |  4- 6 || total
-------------------------+-------+-------++-------
Melee: Mace              |   105 |    30 ||   135
Throw: Stone             |    80 |    27 ||   107
 Stab: Sleeping          |     1 |       ||     1
Armor: Robe              |    10 |       ||    10
       Leather armour    |    15 |    10 ||    25
Dodge: Dodged            |    56 |    16 ||    72

Table legend: (Time is in decaauts)
 A = Elapsed time spent in this place.
 B = Non-inter-level travel time spent in this place.
 C = Inter-level travel time spent in this place.
 D = Time resting spent in this place.
 E = Time spent auto-exploring this place.
 F = Levels seen in this place.
 G = Mean time per level.
                   A        B        C        D        E       F      G
               +--------+--------+--------+--------+--------+-----+--------+
         Total |   2131 |   2050 |     81 |      6 |   1639 |   3 |  710.3 |
       Dungeon |   2131 |   2050 |     81 |      6 |   1639 |   3 |  710.3 |
               +--------+--------+--------+--------+--------+-----+--------+

Top non-repeatable levels by time:
     D:1: 1013 daAuts
     D:2: 973 daAuts
     D:3: 144 daAuts
